 Dungeon Crawl Stone Soup version 0.28.0 (webtiles) character file.

Game seed: 15975748064262324259

7049 fiver49 the Carver (level 11, -1/81 HPs)
             Began as a Barachi Abyssal Knight on Feb 5, 2022.
             Was a Priest of Lugonu.
             Killed from afar by a steam dragon (13 damage)
             ... with a ball of steam
             ... on level 9 of the Dungeon on Feb 6, 2022.
             The game lasted 00:34:29 (13099 turns).

fiver49 the Carver (Barachi Abyssal Knight)        Turns: 13099, Time: 00:34:32

Health: -1/81      AC: 10    Str: 24    XL:     11   Next: 9%
Magic:  17/17      EV: 14    Int: 10    God:    Lugonu [***...]
Gold:   456        SH:  6    Dex: 19    Spells: 10/10 levels left

rFire   . . .      SeeInvis .   b - +0 dagger (venom)
rCold   . . .      Faith    .   y - +0 buckler
rNeg    . . .      Spirit   .   p - +1 robe "Qion Xed" {Str+4 Dex+7}
rPois   .          Reflect  .   f - +1 helmet
rElec   .          Harm     .   M - +2 cloak
rCorr   +          Rampage  .   u - +0 pair of gloves
Will    .....                   (no boots)
Stlth   ++........              (no amulet)
HPRegen 0.23/turn               r - ring of resist corrosion
MPRegen 0.15/turn               (no ring)

@: slow
A: amphibious, slowness 1, strong legs 1, +LOS
a: Hop, Renounce Religion, Depart the Abyss, Bend Space, Banish


You were on level 9 of the Dungeon.
You worshipped Lugonu.
Lugonu was most pleased with you.
You visited 1 branch of the dungeon, and saw 9 of its levels.
You visited the Abyss 1 time.

You collected 456 gold pieces.

Inventory:

Hand Weapons
 a - a +1 falchion
 b - a +0 dagger of venom (weapon)
   (You took it off Jessica on level 3 of the Dungeon)
 H - a +2 dagger of electrocution
   (You took it off an orc wizard on level 7 of the Dungeon)
Missiles
 e - 19 poisoned darts (quivered)
 z - a boomerang of dispersal
Armour
 f - a +1 helmet (worn)
   (You found it on level 1 of the Dungeon)
 o - a +0 chain mail
   (You found it on level 2 of the Dungeon)
 p - the +1 robe "Qion Xed" (worn) {Str+4 Dex+7}
   (You found it on level 3 of the Dungeon)

   Str:       It affects your strength (+4).
   Dex:       It affects your dexterity (+7).
 u - a +0 pair of gloves (worn)
   (You found it on level 4 of the Dungeon)
 x - a +0 kite shield
   (You found it on level 4 of the Dungeon)
 y - a +0 buckler (worn)
   (You found it on level 4 of the Dungeon)
 K - a +0 troll leather armour
   (You found it on level 8 of the Dungeon)
 M - a +2 cloak (worn)
   (You took it off Maurice on level 8 of the Dungeon)
Jewellery
 r - a ring of resist corrosion (left hand)
   (You found it on level 3 of the Dungeon)
 B - a ring of fire
   (You found it on level 5 of the Dungeon)
Wands
 E - a wand of polymorph (11)
   (You found it on level 6 of the Dungeon)
 L - a wand of iceblast (11)
   (You took it off Maurice on level 8 of the Dungeon)
Scrolls
 d - 2 scrolls of summoning
 i - 4 scrolls of teleportation
 j - 3 scrolls of identify
 l - 2 scrolls of magic mapping {unknown}
 q - 2 scrolls of fear
 s - 2 scrolls of immolation {unknown}
 v - a scroll of blinking {unknown}
 w - a scroll of enchant armour {unknown}
 F - a scroll of amnesia {unknown}
 I - a scroll of torment {unknown}
 N - 2 scrolls of vulnerability {unknown}
Potions
 g - 3 potions of curing
 h - 2 potions of heal wounds
 k - a potion of berserk rage
 m - a potion of lignification {unknown}
 n - 2 potions of brilliance
 A - a potion of might
 J - 2 potions of haste {unknown}
 O - a potion of degeneration {unknown}


   Skills:
 * Level 6.0 Fighting
 - Level 14.0 Long Blades
 * Level 5.1 Armour
 * Level 4.2 Dodging
 * Level 2.5 Stealth
 * Level 4.0 Shields
 + Level 8.1 Invocations


You had 10 spell levels left.
You didn't know any spells.
Your spell library contained the following spells:

 Spells                   Type           Power      Damage    Failure   Level
 Corpse Rot               Necr/Air       0%         N/A       58%         2
 Passwall                 Tmut/Erth      0%         N/A       58%         2
 Poisonous Vapours        Pois/Air       0%         N/A       58%         2
 Static Discharge         Conj/Air       0%         N/A       58%         2
 Dazzling Flash           Conj/Hex       0%         N/A       82%         3
 Agony                    Necr           0%         N/A       100%        5
 Blade Hands              Tmut           0%         N/A       100%        5
 Lightning Bolt           Conj/Air       0%         1d11      100%        5
 Silence                  Hex/Air        0%         N/A       100%        5
 Maxwell's Capacitive Co  Air            0%         ∞         100%        8


Dungeon Overview and Level Annotations

Branches:
Dungeon (9/15)             Temple (0/1) D:7
   Lair: D:8-11         Orc: D:9-12

Altars:
Dithmenos
Fedhas
Makhleb
Nemelex Xobeh
Qazlal
The Shining One

Shops:
D:3 *

Annotations:
D:7 exclusion: rust devil


Innate Abilities, Weirdness & Mutations

You are amphibious.
You cover ground slowly.
You can hop short distances.
You have an extended range of vision and can be seen from far away.


Message History

You climb upwards.
There is a stone staircase leading down here.
There is an open door here.
You open the door.
There is an open door here.
There is a stone staircase leading down here.
You start resting.
You are ready to hop once more.
You start resting.
HP restored.
You climb downwards.
There is a stone staircase leading up here.
Found 15 gold pieces.
You now have 456 gold pieces (gained 15).
There is a stone staircase leading up here.
Erica the Fiery-Tempered comes into view.
She is wielding a +2 scimitar of flaming.
Erica screams, "Die!"
Erica gestures at you while chanting. You resist with significant effort.
Throw: 4 darts (curare)
Press: ? - help, Q - select action, (/) - cycle Shift-Dir - straight line, f - Erica
Aim: Erica, wielding a +2 scimitar of flaming and wearing a +0 robe (60% to hit)
You throw a curare-tipped dart.
The curare-tipped dart closely misses Erica.
Throw: 3 darts (curare)
Press: ? - help, Q - select action, (/) - cycle Shift-Dir - straight line, f/p - Erica
Aim: Erica, wielding a +2 scimitar of flaming and wearing a +0 robe (60% to hit)
You throw a curare-tipped dart. The curare-tipped dart hits Erica.
Erica is poisoned.
Erica convulses.
Erica seems to slow down.
Erica is lightly wounded.
A steam dragon comes into view.
Throw: 2 darts (curare)
Press: ? - help, Q - select action, (/) - cycle Shift-Dir - straight line, f/p - Erica
Aim: Erica, wielding a +2 scimitar of flaming and wearing a +0 robe (lightly wounded, very poisoned, slow, 60% to hit)
You throw a curare-tipped dart. The curare-tipped dart hits Erica.
Erica looks as sick as possible!
Erica convulses.
Erica seems to be slow for longer.
Erica is moderately wounded.
The steam dragon hisses angrily.
Erica casts a spell.
Erica flickers and vanishes!
Deactivating autopickup; reactivate with Ctrl-A.
The steam dragon hisses angrily.
The steam dragon breathes steam at you.
The ball of steam hits something!
The ball of steam hits you!
You hear some strange, mumbled words.
A bolt of poison appears from out of thin air!
The bolt of poison hits you!
You are poisoned.
You hear a shout!
You are engulfed in a cloud of scalding steam.
You feel very sick.
You feel sick.
You hear some strange, mumbled words.
Something tries to affect you, but you resist.
You feel sick.
Reactivating autopickup.
You feel a bit more experienced.
Your Fighting skill increases to level 6!
Your Armour skill increases to level 5!
Your Shields skill increases to level 4!
You feel sick.
You feel sick.
You feel sick.
Throw: dart (curare)
Press: ? - help, Q - select action, (/) - cycle Shift-Dir - straight line, f - steam dragon
Aim: a steam dragon (64% to hit)
You throw a curare-tipped dart.
The curare-tipped dart hits the steam dragon.
The steam dragon is poisoned.
The steam dragon convulses.
The steam dragon seems to slow down.
The steam dragon is lightly wounded.
You feel sick.
You are no longer poisoned.
The steam dragon bites you! The steam dragon claws you.
You hit the steam dragon but do no damage.
The steam dragon looks as sick as possible!
The steam dragon is lightly wounded.
You hit the steam dragon but do no damage.
The steam dragon looks as sick as possible!
The steam dragon is lightly wounded.
You hit the steam dragon.
The steam dragon looks as sick as possible!
The steam dragon is moderately wounded.
The steam dragon bites you but does no damage.
The steam dragon claws you but does no damage.
The steam dragon breathes steam at you.
The ball of steam hits the steam dragon.
The steam dragon resists.
The ball of steam misses you.
The steam dragon hisses angrily.
You hear a shout!
You hit the steam dragon but do no damage.
The steam dragon is poisoned.
The steam dragon breathes steam at you. The ball of steam hits you!!
* * * LOW HITPOINT WARNING * * *
The steam dragon breathes steam at you.
The ball of steam hits the steam dragon!
The steam dragon resists.
The ball of steam hits you!
You die...

..#.....#...≈≈.
#.#.....#...≈≈.
#.#......(.#≈§≈
#......)(§§§.§≈
####........§..§.≈
#....##.§..D#....#
#.##.###.#### ....
#.##.###§...# ..
#..§§@§DD##.# #
#####.#####.§§§.#
#### #.......#
#.§.### ...#
#.###.#.# #.§.#
##.# #....#######
#.# #.....#....#
#.###########.####
#.............#
#.###.###<#####


You could see a steam dragon (wandering, very poisoned, catching breath).

Vanquished Creatures
  3 two-headed ogres
  Pikel (D:4)
  Maurice (D:8)
  Grinder (D:4)
  A spriggan (D:8)
  A wyvern (D:8)
  A wraith (D:9)
  A steam dragon (D:6)
  A water moccasin (D:7)
  An orc warrior (D:7)
  A sky beast (D:5)
  3 ice beasts
  2 ogres
  2 centaurs
  A lemure (D:4)
  A kobold brigand (D:7)
  2 phantoms (D:6)
  3 bullfrogs (D:8)
  2 scorpions
  A water moccasin skeleton (D:5)
  5 killer bees
  3 howler monkeys
  5 wights (D:7)
  4 hounds
  An orc priest (D:3)
  A bullfrog skeleton (D:7)
  A jelly (D:5)
  Ijyb (D:3)
  Jessica (D:3)
  3 iguanas (D:5)
  5 orc wizards
  6 gnolls
  A howler monkey skeleton (D:7)
  5 adders
  3 shadow imps
  2 white imps
  An ufetubus (D:7)
  An adder skeleton (D:4)
  A worm (D:5)
  A dart slug (D:1)
  25 orcs
  10 endoplasms
  2 giant cockroaches
  9 goblins
  8 hobgoblins
  4 jackals
  9 kobolds
  4 quokkas
  4 ball pythons
  4 bats
  2 frilled lizards (D:1)
  3 rats
165 creatures vanquished.

Vanquished Creatures (collateral kills)
  A gnoll shaman (D:5)
  An iguana (D:5)
  A bullfrog skeleton (D:5)
  An orc wizard (D:5)
  3 gnolls (D:5)
  2 orcs (D:5)
9 creatures vanquished.

Vanquished Creatures (others)
  Erica (D:9)
  A sky beast (D:9)
  A howler monkey (D:6)
  19 fungi (D:5)
  30 plants (D:7)
52 creatures vanquished.

Grand Total: 226 creatures vanquished

Notes
Turn   | Place    | Note
-------+----------+-------------------------------------------
     0 | Abyss:1  | fiver49 the Barachi Abyssal Knight began the quest for the
                  | Orb.
     0 | Abyss:1  | Reached XP level 1. HP: 18/18 MP: 2/2
    47 | Abyss:3  | Noticed a small abomination
    56 | Abyss:3  | Noticed a spatial vortex
    56 | Abyss:3  | Noticed a spatial vortex
    56 | Abyss:3  | Noticed a spatial vortex
    56 | Abyss:3  | Noticed a spatial vortex
    57 | Abyss:3  | Noticed a spatial vortex
    59 | Abyss:3  | Noticed a spatial vortex
   109 | Abyss:4  | Noticed a large abomination
   116 | Abyss:4  | Noticed an ancient zyme
   116 | Abyss:4  | Noticed a chaos spawn
   117 | D:1      | Escaped the Abyss
   484 | D:1      | Reached skill level 3 in Long Blades
   484 | D:1      | Reached XP level 2. HP: 22/24 MP: 3/3
   520 | D:1      | Reached * piety under Lugonu
   653 | D:1      | You fall into a shaft and drop 1 floor!
   673 | D:2      | Reached skill level 2 in Invocations
   861 | D:1      | Reached XP level 3. HP: 29/29 MP: 4/4
  1149 | D:1      | Reached skill level 4 in Long Blades
  1402 | D:2      | Found a faded altar of an unknown god.
  2021 | D:2      | HP: 1/29 [gnoll (10)]
  2023 | D:2      | Reached XP level 4. HP: 2/36 MP: 5/5
  2390 | D:3      | Noticed Ijyb
  2420 | D:3      | Found a burning altar of Makhleb.
  2420 | D:3      | Noticed a green death
  2424 | D:3      | Noticed an orange demon
  2424 | D:3      | Noticed a ynoxinul
  2588 | D:3      | Identified the +1 robe "Qion Xed" {Str+4 Dex+7}
  2640 | D:3      | Reached ** piety under Lugonu
  2759 | D:3      | Found Joyg's Assorted Antiques.
  2780 | D:3      | Paralysed by Ijyb for 4 turns
  2788 | D:3      | Paralysed by Ijyb for 4 turns
  2794 | D:3      | Paralysed by Ijyb for 3 turns
  2799 | D:3      | Killed Ijyb
  2800 | D:3      | Reached skill level 5 in Long Blades
  2800 | D:3      | Reached XP level 5. HP: 13/41 MP: 5/7
  3085 | D:3      | Found a blossoming altar of Fedhas.
  3200 | D:3      | Noticed Jessica
  3206 | D:3      | Killed Jessica
  3648 | D:3      | Reached skill level 3 in Invocations
  3923 | D:4      | Noticed a lemure
  4059 | D:4      | Noticed a lemure
  4083 | D:4      | Killed a lemure
  4094 | D:4      | Reached skill level 6 in Long Blades
  4367 | D:4      | Noticed Grinder
  4378 | D:4      | Killed Grinder
  4379 | D:4      | Reached skill level 7 in Long Blades
  4379 | D:4      | Reached XP level 6. HP: 35/47 MP: 8/8
  4859 | D:4      | Noticed Pikel
  4941 | D:4      | Killed Pikel
  4942 | D:4      | Reached skill level 9 in Long Blades
  4942 | D:4      | Reached skill level 4 in Invocations
  4942 | D:4      | Reached XP level 7. HP: 30/52 MP: 8/10
  4942 | D:4      | Reached XP level 8. HP: 34/59 MP: 8/11
  5256 | D:4      | Found a sparkling altar of Nemelex Xobeh.
  5332 | D:4      | Reached skill level 5 in Invocations
  5360 | D:5      | Entered Level 5 of the Dungeon
  5949 | D:5      | Reached skill level 10 in Long Blades
  5974 | D:5      | Found a stormy altar of Qazlal.
  6968 | D:6      | Reached skill level 11 in Long Blades
  7046 | D:5      | Reached XP level 9. HP: 57/64 MP: 13/13
  7091 | D:5      | Reached skill level 6 in Invocations
  7379 | D:6      | Reached *** piety under Lugonu
  7459 | D:6      | Noticed a two-headed ogre
  7611 | D:6      | Killed a two-headed ogre
  7612 | D:6      | Reached skill level 12 in Long Blades
  8209 | D:6      | Reached skill level 7 in Invocations
  8675 | D:7      | Reached skill level 13 in Long Blades
  9025 | D:7      | Noticed a rust devil
  9247 | D:7      | HP: 16/64 [poisoned by a killer bee]
  9254 | D:7      | HP: 15/64 [killer bee (4)]
  9256 | D:7      | HP: 7/64 [poisoned by a killer bee]
  9257 | D:7      | Reached XP level 10. HP: 7/70 MP: 15/15
 10075 | D:7      | Noticed a two-headed ogre
 10087 | D:7      | HP: 14/69 [two-headed ogre (4)]
 10087 | D:7      | HP: 4/68 [wight (3)]
 10700 | D:7      | Noticed an angel
 10794 | D:7      | Reached skill level 14 in Long Blades
 11122 | D:7      | Killed a two-headed ogre
 11123 | D:7      | Reached skill level 4 in Fighting
 11123 | D:7      | Reached skill level 3 in Armour
 11123 | D:7      | Reached skill level 2 in Dodging
 11123 | D:7      | Reached skill level 1 in Shields
 11190 | D:7      | Found a staircase to the Ecumenical Temple.
 11425 | D:8      | Found a glowing golden altar of the Shining One.
 11430 | D:8      | Noticed a centaur warrior
 11431 | D:8      | Banished a centaur warrior
 11432 | D:8      | Reached skill level 2 in Shields
 11462 | D:8      | Got the Catalogue of Transmigration
 11534 | D:8      | Noticed a two-headed ogre
 11557 | D:8      | Killed a two-headed ogre
 11558 | D:8      | Reached skill level 5 in Fighting
 11558 | D:8      | Reached skill level 4 in Armour
 11558 | D:8      | Reached skill level 3 in Dodging
 11558 | D:8      | Reached skill level 1 in Stealth
 11558 | D:8      | Reached skill level 3 in Shields
 11558 | D:8      | Reached skill level 8 in Invocations
 12034 | D:8      | Found a shadowy altar of Dithmenos.
 12039 | D:8      | Noticed Maurice
 12059 | D:8      | Killed Maurice
 12335 | D:8      | Reached skill level 2 in Stealth
 12338 | D:8      | Reached XP level 11. HP: 79/81 MP: 17/17
 12759 | D:9      | Reached skill level 4 in Dodging
 13075 | D:9      | Noticed Erica
 13087 | D:9      | Killed Erica
 13088 | D:9      | Reached skill level 6 in Fighting
 13088 | D:9      | Reached skill level 5 in Armour
 13088 | D:9      | Reached skill level 4 in Shields
 13099 | D:9      | HP: 12/81 [steam dragon/ball of steam (20)]
 13099 | D:9      | Killed from afar by a steam dragon

Illustrated notes

Levels and vault maps discovered:
D:1:      scummos_arrival_star, layout_loops_corners
D:2:      layout_loops_ring, dreamdust_ecumenical_altar_angels_and_demons,
          cheibrodos_gnoll_hut
D:3:      layout_loops_cross, mainiacjoe_overflow_alcove_2,
          makhleb_altar_promises_db, serial_shops, shop_fountains, uniq_ijyb,
          uniq_jessica
D:4:      layout_gridville, mainiacjoe_overflow_tiny_flanked, uniq_grinder,
          uniq_pikel
D:5:      layout_cave_pools, mainiacjoe_overflow_chevrons, kennysheep_cross_room
D:6:      minmay_evil_eye, layout_rooms, serial_curves, eino_curves_04,
          eino_curves_01, eino_tiny_chamber
D:7:      layout_basic, temple_garden
D:8:      layout_loops_corners, nicolae_dithmenos_the_darkroom,
          old_standard_altar, hangedman_decor_push,
          amcnicky_mini_corridor_feature, the_hattery, uniq_maurice
D:9:      layout_basic, lair_entry_dummy, hangedman_misty_isle, uniq_erica

Skill      XL: |  1  2  3  4  5  6  7  8  9 10 11 |
---------------+----------------------------------+-----
Long Blades    | 3 4 5 7 9 11 13 14 | 14.0
Invocations    | 2 3 4 5 7 8 |  8.1
Fighting       | 5 6 |  6.0
Armour         | 4 5 |  5.1
Dodging        | 3 4 |  4.2
Shields        | 3 4 |  4.0
Stealth        | 2 |  2.5

Action                   |  1- 3 |  4- 6 |  7- 9 | 10-12 || total
-------------------------+-------+-------+-------+-------++-------
Melee: Falchion          |    96 |    41 |    54 |    52 ||   243
       Dagger            |       |    86 |   270 |   211 ||   567
Throw: Dart              |    13 |     7 |    19 |    19 ||    58
Invok: Depart the Abyss  |     1 |       |       |       ||     1
       Banish            |       |       |       |     2 ||     2
       Bend Space        |       |       |       |     1 ||     1
 Abil: Hop               |       |       |     3 |     3 ||     6
  Use: Potion            |       |     1 |     1 |       ||     2
       Scroll            |       |       |     2 |     4 ||     6
 Stab: Sleeping          |       |     3 |       |       ||     3
Armor: Leather armour    |    19 |       |       |       ||    19
       Chain mail        |    10 |     5 |       |       ||    15
       Robe              |       |    30 |    74 |    47 ||   151
Dodge: Dodged            |    41 |    41 |   118 |    90 ||   290
Block: Buckler           |       |     3 |    45 |    28 ||    76
       Kite shield       |       |     2 |       |       ||     2

Table legend: (Time is in decaauts)
 A = Elapsed time spent in this place.
 B = Non-inter-level travel time spent in this place.
 C = Inter-level travel time spent in this place.
 D = Time resting spent in this place.
 E = Time spent auto-exploring this place.
 F = Levels seen in this place.
 G = Mean time per level.
                   A        B        C        D        E       F      G
               +--------+--------+--------+--------+--------+-----+--------+
         Total |  14117 |  13247 |    870 |   3453 |   7189 |  13 | 1085.9 |
       Dungeon |  13979 |  13109 |    870 |   3453 |   7189 |   9 | 1553.2 |
         Abyss |    137 |    137 |      0 |      0 |      0 |   4 |   34.2 |
               +--------+--------+--------+--------+--------+-----+--------+

Top non-repeatable levels by time:
     D:7: 2388 daAuts
     D:6: 2087 daAuts
     D:4: 2081 daAuts
     D:3: 1633 daAuts
     D:8: 1592 daAuts
     D:5: 1349 daAuts
     D:1: 1322 daAuts
     D:2: 1275 daAuts
     D:9: 248 daAuts
 Abyss:4: 62 daAuts
 Abyss:2: 42 daAuts
 Abyss:3: 28 daAuts
 Abyss:1: 4 daAuts

Table legend:
 A = Kills in this place as a percentage of kills in entire the game.
 B = Kills by you in this place as a percentage of kills by you in the entire game.
 C = Kills by friends in this place as a percentage of kills by friends in the entire game.
 D = Other kills in this place as a percentage of other kills in the entire game.
 E = Experience gained in this place as a percentage of experience gained in the entire game.
 F = Experience gained in this place divided by the number of levels of this place that you have seen.
                   A       B       C       D       E      F
               +-------+-------+-------+-------+-------+----------------------
         Total | 100.0 | 100.0 | 100.0 | 100.0 | 100.0 | 774.7
       Dungeon | 100.0 | 100.0 | 100.0 | 100.0 | 100.0 | 1119.0
               +-------+-------+-------+-------+-------+----------------------
